 Dungeon Crawl Stone Soup version 0.30-a0-371-gad7725a93e (webtiles) character file.

Game seed: 16867452835039612957

35 zishaf the Magician (level 3, -9/28 HPs)
             Began as a Djinni Venom Mage on Nov 22, 2022.
             Killed by nerve-wracking pain
             ... invoked by an orc priest
              (13 damage)
             ... on level 2 of the Dungeon.
             The game lasted 00:01:57 (1187 turns).

zishaf the Magician (Djinni Venom Mage)             Turns: 1187, Time: 00:01:58

Health: -9/28      AC: 10    Str: 13    XL:     3   Next: 52%
Gold:   106        EV:  9    Int: 18    God:
                   SH:  0    Dex: 13

rFire   + + .      SeeInvis +    c - +0 dagger
rCold   x . .      Faith    .    (no shield)
rNeg    . . .      Spirit   .    k - +3 scale mail "Ivanus" {rElec MP-9 SInv}
rPois   ∞          Reflect  .    (no helmet)
rElec   +          Harm     .    (no cloak)
rCorr   .          Rampage  .    g - +0 pair of gloves
Will    .....                    (boots unavailable)
Stlth   ..........               (no amulet)
HPRegen 0.24/turn                j - ring of wizardry
MPRegen 0.00/turn                m - +6 ring of strength

@: flying
A: sickness immunity, fire resistance 2, cold vulnerability 1, float, innate
caster, HP casting, extra vitality 1
a: no special abilities


You were on level 2 of the Dungeon.
You visited 1 branch of the dungeon, and saw 2 of its levels.

You collected 106 gold pieces.

Inventory:

Hand Weapons
 c - a +0 dagger (weapon)
Armour
 a - a +0 robe
 g - a +0 pair of gloves (worn)
 k - the +3 scale mail "Ivanus" (worn) {rElec MP-9 SInv}
   (You found it on level 2 of the Dungeon)

   rElec:     It insulates you from electricity.
   MP:        It affects your magic capacity (-9).
   SInv:      It lets you see invisible.
Jewellery
 j - a ring of wizardry (left hand)
 m - a +6 ring of strength (right hand)
 n - a ring of see invisible
Scrolls
 b - a scroll of acquirement {unknown}
 d - a scroll of enchant armour {unknown}
 e - a scroll of summoning {unknown}
 f - a scroll of butterflies {unknown}
 h - a scroll of magic mapping {unknown}
 l - 2 scrolls of teleportation {unknown}
 o - a scroll of identify {unknown}
 p - a scroll of noise {unknown}
Potions
 i - 2 potions of curing {unknown}


   Skills:
 + Level 1.9 Fighting
 - Level 2.1 Dodging
 - Level 1.5 Stealth
 * Level 3.0 Spellcasting


You couldn't memorise any spells.
You knew the following spells:

 Your Spells              Type           Power      Damage    Failure   Level
a - Sting                 Tmut/Pois      52%        1d5       10%         1
b - Poisonous Vapours     Pois/Air       26%        N/A       14%         2
c - Mephitic Cloud        Conj/Pois/Air  13%        N/A       26%         3
A - Olgreb's Toxic Radia  Pois           13%        N/A       65%         4
B - Summon Small Mammal   Summ           52%        N/A       10%         1
Your spell library was empty.

Dungeon Overview and Level Annotations

Branches:
Dungeon (2/15)

Altars:


Innate Abilities, Weirdness & Mutations

You are immune to sickness and miasma.
You are immune to poison.
Your flesh is very heat resistant. (rF++)
You are vulnerable to cold. (rC-)
You float through the air rather than walking.
You learn spells naturally, not from books.
Your magical power is your life essence.
You have superior vitality. (+4 MHP)


Message History

Unknown command.
Casting: Poisonous Vapours (safe; 16% risk of failure)
Confirm with . or Enter, or press ? or * to list all spells.
Aiming: Poisonous Vapours (safe; 16% risk of failure)
Press: ? - help, Dir - move target, f/p - orc priest
Aim: an orc priest, wielding a +0 flail and wearing a +0 leather armour (poisoned) Poisonous vapours surround the orc priest!
The orc priest looks even sicker.
* * * LOW HITPOINT WARNING * * *
The orc attacks as you move away! The orc barely misses you.
The orc attacks as you move away!
The orc hits you with a +0 mace of venom.
* * * LOW HITPOINT WARNING * * *
Casting: Poisonous Vapours (safe; 16% risk of failure)
Confirm with . or Enter, or press ? or * to list all spells.
Aiming: Sting (safe; 10% risk of failure)
Press: ? - help, Shift-Dir - straight line, f - orc
Aim: an orc, wielding a +0 mace of venom (heavily wounded, poisoned, 71% to hit)
The sting hits the orc.
The orc looks even sicker.
You kill the orc!
* * * LOW HITPOINT WARNING * * *
Your magical contamination has completely faded away.
Your Spellcasting skill increases to level 3!
Casting: Sting (safe; 10% risk of failure)
Confirm with . or Enter, or press ? or * to list all spells.
Aiming: Sting (safe; 10% risk of failure)
Press: ? - help, Shift-Dir - straight line, f - orc priest
Aim: an orc priest, wielding a +0 flail and wearing a +0 leather armour (heavily wounded, poisoned, 71% to hit)
The sting hits the orc priest but does no damage.
The orc priest looks even sicker.
The orc priest is heavily wounded.
* * * LOW HITPOINT WARNING * * *
You closely miss the orc priest.
The orc priest is heavily wounded.
The orc priest barely misses you.
You barely miss the orc priest.
The orc priest is heavily wounded.
The orc priest calls down the wrath of Beogh upon you.
Pain shoots through your body!
You die...

#.........
#o.......#
#.o......#
#........#
######........#
#...oo........#
#o######......#
#o# ......# #@#
### ......# #.#
..# ......# #.#
#.# ####### #.#
#.# #.#.#.#
#.#.#.############
#.#...............
#.###.############
#.....#


You could see an orc priest (very poisoned) and an orc.

Vanquished Creatures
  An adder (D:2)
  An orc (D:2)
  A hobgoblin (D:1)
  A quokka (D:1)
  3 ball pythons
  4 bats
  2 frilled lizards
  4 goblins (D:1)
  3 kobolds
  5 rats
25 creatures vanquished.

Notes
Turn   | Place    | Note
-------+----------+-------------------------------------------
     0 | D:1      | zishaf the Djinni Venom Mage began the quest for the Orb.
     0 | D:1      | zishaf set off with the following spells memorised: Sting,
                  | Poisonous Vapours, Mephitic Cloud, Olgreb's Toxic Radiance.
     0 | D:1      | Reached XP level 1. HP: 15/15 MP: 0/0
    70 | D:1      | Reached skill level 1 in Fighting
    70 | D:1      | Reached XP level 2. HP: 4/22 MP: 0/0
   693 | D:2      | Reached XP level 3. HP: 24/28 MP: 0/0
   693 | D:2      | Learned a level 1 spell: Summon Small Mammal
   763 | D:2      | Identified the +3 scale mail "Ivanus" {rElec MP-9 SInv}
  1184 | D:2      | Reached skill level 3 in Spellcasting
  1187 | D:2      | Killed from afar by an orc priest

Illustrated notes

Levels and vault maps discovered:
D:1:      wander_arrival_abandoned_jail, layout_rooms
D:2:      layout_basic, minmay_tromino_v4_b, uniq_robin

Skill      XL: |  1  2  3 |
---------------+----------+-----
Fighting       | 1 |  1.9
Spellcasting   | 3 |  3.0
Dodging        | |  2.1
Stealth        | |  1.5

Action                   || total
-------------------------++-------
Melee: Dagger            ||     5
       Punch             ||     1
 Cast: Sting             ||    58
       Poisonous Vapours ||     3
       Summon Small Mamm ||     1
Armor: Robe              ||    13
       Scale mail        ||     1
Dodge: Dodged            ||    24

Table legend: (Time is in decaauts)
 A = Elapsed time spent in this place.
 B = Non-inter-level travel time spent in this place.
 C = Inter-level travel time spent in this place.
 D = Time resting spent in this place.
 E = Time spent auto-exploring this place.
 F = Levels seen in this place.
 G = Mean time per level.
                   A        B        C        D        E       F      G
               +--------+--------+--------+--------+--------+-----+--------+
         Total |   1185 |   1181 |      4 |      0 |    993 |   2 |  592.5 |
       Dungeon |   1185 |   1181 |      4 |      0 |    993 |   2 |  592.5 |
               +--------+--------+--------+--------+--------+-----+--------+

Top non-repeatable levels by time:
     D:1: 598 daAuts
     D:2: 586 daAuts
